 Dungeon Crawl Stone Soup version 0.31-a0-654-gbe3e110b4e (webtiles) character file.

Game seed: 15684682462290861294

3245 kae the Mimic (level 9, -13/54 (59) HPs)
             Began as a Demonspawn Shapeshifter on Aug 29, 2023.
             Was an Initiate of Qazlal.
             Mangled by a wight
             ... wielding a +2 great sword
              (23 damage)
             ... on level 6 of the Dungeon.
             The game lasted 00:06:18 (6617 turns).

kae the Mimic (Demonspawn Shapeshifter)             Turns: 6617, Time: 00:06:19

HP:   -13/54 (59)   AC:  2    Str: 21    XL:     9   Next: 67%
MP:   10/10         EV: 17    Int: 11    God:    Qazlal [......]
Gold: 331           SH:  0    Dex: 17    Spells: 8/8 levels left

rFire   . .          .
                       - Unarmed
rCold   . . .        (no shield)
rNeg    . . .        a - +0 animal skin
rPois   .            (helmet currently unavailable)
rElec   .            (cloak currently unavailable)
rCorr   .            (gloves currently unavailable)
SInv    .            (boots currently unavailable)
Will    .....        g - amulet of regeneration
Stlth   ++           S - +6 ring of strength
HPRegen 1.09/turn    (no ring)
MPRegen 0.12/turn

%: no passive effects
@: agile, beast-form, drained
A: beast (slay +4), antennae 1, claws 1, hooves 2, demonic guardian 2, powered
by pain 1
a: Begin Untransformation, Renounce Religion


You were on level 6 of the Dungeon.
You worshipped Qazlal.
Qazlal was noncommittal.
You were a hulking beast.
You visited 2 branches of the dungeon, and saw 8 of its levels.

You collected 331 gold pieces.


Innate Abilities, Weirdness & Mutations

You are a hulking beast.
Your limbs bulge with bestial killing power. (Slay +4)
You have a pair of small antennae on your head.
You have sharp fingernails.
You have hoof-like feet.
A demonic guardian rushes to your aid.
You sometimes gain a little power by taking damage.


   Skills:
 - Level 1.0 Fighting
 - Level 1.7 Dodging
 + Level 7.8 Unarmed Combat
 + Level 1.8 Invocations
 * Level 9.7 Shapeshifting


You had 8 spell levels left.
You didn't know any spells.
Your spell library contained the following spells:

 Spells                   Type           Power      Damage    Failure   Level
 Sandblast                Erth           0%         2d4       34%         1
 Passwall                 Tmut/Erth      0%         N/A       47%         2
 Stone Arrow              Conj/Erth      0%         3d7       71%         3

Inventory:

Missiles
 h - 33 stones
 n - 12 poisoned darts
 u - 5 boomerangs
Armour
 a - a +0 animal skin (worn)
 t - the +6 scale mail "Peothrax" {Drain rF+++ rCorr Dex-5}
   (You found it on level 7 of the Dungeon)

   Dex-5:     It affects your dexterity (-5).
   rF+++:     It renders you almost immune to fire.
   rCorr:     It protects you from acid and corrosion.
   Drain:     It drains your maximum health when unequipped.
Jewellery
 g - an amulet of regeneration (around neck)
   (You found it on level 1 of the Dungeon)
 y - an amulet of magic regeneration
   (You found it on level 7 of the Dungeon)
 F - a ring of fire
   (You found it on level 4 of the Dungeon)
 I - a +6 ring of intelligence
   (You found it on level 7 of the Dungeon)
 P - a ring of poison resistance
   (You found it on level 6 of the Dungeon)
 S - a +6 ring of strength (left claw)
   (You found it on level 2 of the Dungeon)
Talismans
 c - a beast talisman (active)
 d - a flux talisman
Wands
 v - a wand of roots (7)
   (You found it on level 4 of the Dungeon)
 w - a wand of mindburst (8)
   (You found it on level 4 of the Dungeon)
Scrolls
 q - a scroll of fear
 r - a scroll of torment {!r}
 s - 3 scrolls of teleportation {@r4}
Potions
 b - 2 potions of lignification {!q}
 e - 2 potions of resistance {unknown}
 f - 2 potions of cancellation {unknown}
 i - 3 potions of brilliance {unknown}
 j - 2 potions of might {unknown}
 k - 2 potions of ambrosia {unknown}
 l - 2 potions of haste {unknown}
 m - 2 potions of heal wounds {unknown}
 o - a potion of mutation {!q}
 p - a potion of curing {@q1}
 x - a potion of berserk rage {unknown}
 z - a potion of enlightenment {unknown}

Dungeon Overview and Level Annotations

Branches:
Dungeon (7/15) Zot: 25697  Temple (1/1) D:6 Zot: 5960

Altars:
Ashenzari
Cheibriados
Gozag
Hepliaklqana
Makhleb
Nemelex Xobeh
Okawaru
Qazlal
Ru
Sif Muna
Trog
Vehumet
Wu Jian
Xom
Yredelemnul

Shops:
D:4 =

Annotations:
D:3 1 runed translucent door, Crazy Yiuf
D:6 exclusions: orc warrior and orc wizard

### ..# #.# #
#4# .### #z#
### ....
#####h#.....
###
#..).......?.
o...
#.###...####.#
....
#.###.###...#
#.# o...
#....>......#
#.# ....
#####.####..#
#.# .... #.#
..# #.. )...
#.# ..# #.#
... #.# ..#
#)# ###


You could see a wight (ally target) and a friendly ice devil (summoned).


Message History

There is an open door here.
You open the door.
There is an open door here.
Done exploring.
Unknown command.
Done exploring.
Done exploring.
Done exploring.
Done exploring.
There is an open door here.
There is a stone staircase leading up here.
There is a stone staircase leading up here.
You climb upwards.
Level annotation: exclusions: orc warrior and orc wizard
There is a stone staircase leading down here.
You see here a +0 flail.
You see here a +0 flail.
Found an escape hatch in the floor.
There is an escape hatch in the floor here. 2 wights come into view.
A wight is wielding a +4 dagger of freezing.
Unknown command.
There are monsters nearby!
There are monsters nearby!
There are monsters nearby!
You barely miss the wight.
The wight hits you with a +4 dagger of freezing.
You feel drained. The wight freezes you.
You claw the wight! You claw the wight.
The wight completely misses you. 😕 HP[-4]
You now have 57 max hp (-2).
You take 4 damage, and now have 55/57 hp.
You scratch the wight. The wight closely misses you.
You claw the wight!
You destroy the wight!
Qazlal accepts your kill.
You scratch the wight. You kick the wight, but do no damage.
You claw the wight!
You destroy the wight!
Qazlal accepts your kill.
Your life force feels restored. 😕 HP[+2]
You now have 59 max hp (+2).
You regained 2 hp, and now have 57/59 hp.
Items here: )) [[. 😕 HP[+1] No target in view!
No target in view! 2 wights come into view.
The wight completely misses you. 😎 HP[+1]
Your hp is fully restored (59).
The wight hits you with a +4 halberd.
You barely miss the wight. 😕 HP[-4]
You take 4 damage, and now have 55/59 hp.
You barely miss the wight. You kick the wight.
The wight hits you with a +4 halberd!!
You focus on the pain.
You feel your power returning.
You feel drained.
You are too injured to fight recklessly! 😮 HP[-21] MP[+1]
You now have 56 max hp (-3).
You take 21 damage, and now have 34/56 hp.
MASSIVE DAMAGE!! (PAUSE)
Your mp is fully restored (10).
You scratch the wight. You kick the wight.
The wight barely misses you. 😮 HP[+1] Unknown command.
You closely miss the wight. Your kick misses the wight.
The wight hits you with a +4 halberd!
* * * LOW HITPOINT WARNING * * *
You feel drained.
* * * LOW HITPOINT WARNING * * *
You claw the wight!
You destroy the wight!
Qazlal accepts your kill. 😨 HP[-16]
You take 16 damage, and now have 19/56 hp.
MASSIVE DAMAGE!! (PAUSE)
You scratch the wight.
The wight hits you with a +2 great sword!
* * * LOW HITPOINT WARNING * * *
A demonic guardian appears!
You focus on the pain.
You feel agile all of a sudden.
You feel drained.
* * * LOW HITPOINT WARNING * * *
😱 HP[-18]
You now have 54 max hp (-2).
You take 18 damage, and now have 1/54 hp.
MASSIVE DAMAGE!! (PAUSE)
You closely miss the wight.
The wight closely misses you. 😱 HP[+1] Unknown command.
Unknown command.
You feel better.
Your ice devil hits the wight.
Your ice devil freezes the wight.
The wight resists.
The wight hits you with a +2 great sword!!
You die...

Skill      XL: |  1  2  3  4  5  6  7  8  9 |
---------------+----------------------------+-----
Shapeshifting  | 3 4 5 7 8 9 |  9.7
Unarmed Combat | 3 4 5 6 7 |  7.8
Invocations    | 1 |  1.8
Fighting       | |  1.0
Dodging        | |  1.7

Action                     |  1- 3 |  4- 6 |  7- 9 || total
---------------------------+-------+-------+-------++-------
  Melee: Unarmed           |   133 |    76 |   207 ||   416
         Punch             |     5 |     1 |    16 ||    22
         Kick              |       |    14 |    74 ||    88
  Evoke: Wand              |       |       |     2 ||     2
    Use: Scroll            |     2 |     1 |     7 ||    10
         Potion            |       |     1 |     1 ||     2
   Stab: Sleeping          |     4 |     4 |     2 ||    10
         Distracted        |       |     1 |       ||     1
 Armour: Animal skin       |    28 |     2 |    11 ||    41
         Skin              |       |     3 |       ||     3
  Dodge: Dodged            |    73 |    36 |    96 ||   205

Levels and vault maps discovered:
D:1:      eino_arrival_water_cross, layout_loops_cross,
          ebering_ecumenical_altar_mist, amcnicky_mini_rare_corridor_liquid,
          serial_bayou_pond_c, minmay_octomino_e4
D:2:      layout_loops_ring, minmay_close_crescents
D:3:      layout_basic, mainiacjoe_overflow_24_doors, uniq_crazy_yiuf_cottage,
          uniq_terence, uniq_grinder
D:4:      nicolae_cairo_tiling, layout_loops_ring,
          mainiacjoe_overflow_surrounded_room, serial_shops,
          nicolae_shop_getting_attention, grunt_decor_clamped
D:5:      layout_basic, mainiacjoe_overflow_concentric_impassable, uniq_pikel
D:6:      minmay_general_purpose_star, layout_loops_ring,
          makhleb_altar_promises_db, minmay_temple_entry_junction, fountainhead
D:7:      layout_gridville, tgw_trog, uniq_joseph
Temple:   oiseaux_autumnal_temple

Notes
Turn   | Place    | Note
-------+----------+-------------------------------------------
     0 | D:1      | kae the Demonspawn Shapeshifter began the quest for the
                  | Orb.
     0 | D:1      | Reached XP level 1. HP: 15/15 MP: 1/1
     0 | D:1      | magus.rc [v1.11.3]
    51 | D:1      | Reached skill level 3 in Shapeshifting
    69 | D:1      | Gained mutation: You sometimes gain a little power by
                  | taking damage. [demonic ancestry]
    69 | D:1      | Reached XP level 2. HP: 21/21 MP: 2/2
   117 | D:1      | Reached skill level 3 in Unarmed Combat
   283 | D:1      | Found a faded altar of an unknown god.
   381 | D:1      | Gained mutation: A weak demonic guardian rushes to your
                  | aid. [demonic ancestry]
   381 | D:1      | Reached XP level 3. HP: 26/26 MP: 3/3
   780 | D:2      | You pick up a book of Geomancy and begin reading...
   780 | D:2      | You add the spells Sandblast, Passwall and Stone Arrow to
                  | your library.
  1364 | D:2      | Reached XP level 4. HP: 32/32 MP: 4/4
  1607 | D:3      | Noticed Grinder
  1615 | D:3      | Paralysed by Grinder for 2 turns
  1623 | D:3      | Paralysed by Grinder for 3 turns
  1627 | D:3      | Killed Grinder
  1628 | D:3      | Reached skill level 4 in Unarmed Combat
  1628 | D:3      | Reached skill level 4 in Shapeshifting
  1628 | D:3      | You feel monstrous as your demonic heritage exerts itself.
  1628 | D:3      | Discovered your monstrous ancestry.
  1628 | D:3      | Gained mutation: You have large cloven feet. [demonic
                  | ancestry]
  1628 | D:3      | Reached XP level 5. HP: 37/37 MP: 5/5
  1628 | D:3      | Gained mutation: You have hoof-like feet. [demonic
                  | ancestry]
  1628 | D:3      | Reached XP level 6. HP: 43/43 MP: 6/6
  1673 | D:3      | Noticed a water moccasin
  1681 | D:3      | Killed a water moccasin
  1682 | D:3      | Reached skill level 5 in Shapeshifting
  1694 | D:3      | Found a runed translucent door.
  1694 | D:3      | Noticed Terence
  1701 | D:3      | HP: 9/43 [Terence/+0 trident (5)]
  1703 | D:3      | Killed Terence
  1732 | D:3      | Noticed Crazy Yiuf
  1988 | D:3      | Found a basalt altar of Yredelemnul.
  2491 | D:4      | Gained mutation: You have a pair of small antennae on your
                  | head. [demonic ancestry]
  2491 | D:4      | Reached XP level 7. HP: 48/48 MP: 7/7
  2555 | D:4      | Reached skill level 6 in Shapeshifting
  2592 | D:4      | Reached skill level 5 in Unarmed Combat
  2792 | D:4      | Found Ratsaduo's Jewellery Shoppe.
  3047 | D:4      | Found a shimmering blue altar of Sif Muna.
  3372 | D:5      | Entered Level 5 of the Dungeon
  3476 | D:5      | Noticed Pikel
  3509 | D:5      | Killed Pikel
  3510 | D:5      | Reached skill level 7 in Shapeshifting
  3510 | D:5      | Gained mutation: You have sharp fingernails. [demonic
                  | ancestry]
  3510 | D:5      | Reached XP level 8. HP: 25/54 MP: 8/8
  3707 | D:5      | Reached skill level 6 in Unarmed Combat
  4493 | D:6      | Reached skill level 8 in Shapeshifting
  4617 | D:6      | Found a burning altar of Makhleb.
  4617 | D:6      | Noticed a cacodemon
  4652 | D:6      | Found a staircase to the Ecumenical Temple.
  4677 | Temple   | Entered the Ecumenical Temple
  4697 | Temple   | Became a worshipper of Qazlal Stormbringer
  5064 | D:6      | Gained mutation: A demonic guardian rushes to your aid.
                  | [demonic ancestry]
  5064 | D:6      | Reached XP level 9. HP: 59/59 MP: 9/9
  5355 | D:7      | Identified the +1 ring mail "Ocorec" {Str+2}
  5583 | D:7      | Reached skill level 7 in Unarmed Combat
  5690 | D:7      | Noticed a moth of wrath
  5690 | D:7      | Noticed Joseph
  5724 | D:7      | Killed Joseph
  5725 | D:7      | Reached skill level 9 in Shapeshifting
  5921 | D:7      | Identified the +6 scale mail "Peothrax" {Drain rF+++ rCorr
                  | Dex-5}
  6092 | D:7      | Reached skill level 1 in Invocations
  6159 | D:7      | Found a bloodstained altar of Trog.
  6615 | D:6      | HP: 6/56 [wight/+2 great sword (14)]
  6615 | D:6      | HP: 1/54 [wight/+2 great sword (5)]
  6617 | D:6      | Mangled by a wight

Vanquished Creatures
  Pikel (D:5)
  Joseph (D:7)
  Grinder (D:3)
  2 water moccasins
  A sky beast (D:7)
  An ice beast (D:6)
  2 black bears
  3 ogres
  A bullfrog (D:7)
  2 scorpions
  7 wights
  An electric eel (D:6)
  A howler monkey (D:5)
  4 hounds
  3 jellies
  An orc priest (D:7)
  A sleepcap (D:5)
  Terence (D:3)
  2 iguanas
  An orc wizard (D:6)
  2 adders
  8 gnolls
  3 ufetubi
  5 worms
  A dart slug (D:1)
  22 orcs
  7 ball pythons
  7 bats
  18 endoplasms
  3 giant cockroaches
  7 goblins
  10 hobgoblins
  6 jackals
  3 quokkas
  2 frilled lizards
  6 kobolds
  7 rats
154 creatures vanquished.

Vanquished Creatures (collateral kills)
  A wyvern (D:7)
  A phantom (D:6)
  An orc (D:3)
  A jackal (D:2)
4 creatures vanquished.

Grand Total: 158 creatures vanquished

Table legend:
 A = Non-vault XP
 B = Vault XP
 C = Vault XP percentage of total XP
 D = Non-vault monster count
 E = Vault monster count
 F = Vault count percentage of total count
                 A         B        C        D         E       F
            +---------+---------+-------+---------+---------+-------
      Total |    3121 |    1515 |  32.7 |     135 |      23 |  14.6
            +---------+---------+-------+---------+---------+-------
        D:1 |      36 |      15 |  29.4 |      20 |       8 |  28.6
        D:2 |      39 |       8 |  17.0 |      21 |       4 |  16.0
        D:3 |     213 |     317 |  59.8 |      19 |       2 |   9.5
        D:4 |     347 |       0 |   0.0 |      24 |       0 |   0.0
        D:5 |     525 |     641 |  55.0 |      16 |       1 |   5.9
        D:6 |     870 |      83 |   8.7 |      21 |       2 |   8.7
        D:7 |    1091 |     451 |  29.2 |      14 |       6 |  30.0
            +---------+---------+-------+---------+---------+-------

Skill      XL: |  1  2  3  4  5  6  7  8  9 |
---------------+----------------------------+-----
Shapeshifting  | 3 4 5 7 8 9 |  9.7
Unarmed Combat | 3 4 5 6 7 |  7.8
Invocations    | 1 |  1.8
Fighting       | |  1.0
Dodging        | |  1.7

Action                     |  1- 3 |  4- 6 |  7- 9 || total
---------------------------+-------+-------+-------++-------
  Melee: Unarmed           |   133 |    76 |   207 ||   416
         Punch             |     5 |     1 |    16 ||    22
         Kick              |       |    14 |    74 ||    88
  Evoke: Wand              |       |       |     2 ||     2
    Use: Scroll            |     2 |     1 |     7 ||    10
         Potion            |       |     1 |     1 ||     2
   Stab: Sleeping          |     4 |     4 |     2 ||    10
         Distracted        |       |     1 |       ||     1
 Armour: Animal skin       |    28 |     2 |    11 ||    41
         Skin              |       |     3 |       ||     3
  Dodge: Dodged            |    73 |    36 |    96 ||   205

Illustrated notes

Table legend:
 A = Kills in this place as a percentage of kills in the entire game.
 B = Kills by you in this place as a percentage of kills by you in the entire game.
 C = Kills by friends in this place as a percentage of kills by friends in the entire game.
 D = Other kills in this place as a percentage of other kills in the entire game.
 E = Experience gained in this place as a percentage of experience gained in the entire game.
 F = Experience gained in this place divided by the number of levels of this place that you have seen.
                   A       B       C       D       E      F
               +-------+-------+-------+-------+-------+----------------------
         Total | 100.0 | 100.0 | 100.0 |   N/A | 100.0 | 579.5
       Dungeon | 100.0 | 100.0 | 100.0 |   N/A | 100.0 | 662.3
               +-------+-------+-------+-------+-------+----------------------

Table legend: (Time is in decaauts)
 A = Elapsed time spent in this place.
 B = Non-inter-level travel time spent in this place.
 C = Inter-level travel time spent in this place.
 D = Time resting spent in this place.
 E = Time spent auto-exploring this place.
 F = Levels seen in this place.
 G = Mean time per level.
                   A        B        C        D        E       F      G
               +--------+--------+--------+--------+--------+-----+--------+
         Total |   6584 |   6243 |    341 |    203 |   4926 |   8 |  823.0 |
       Dungeon |   6544 |   6240 |    304 |    203 |   4925 |   7 |  934.9 |
        Temple |     39 |      2 |     37 |      0 |      1 |   1 |   39.0 |
               +--------+--------+--------+--------+--------+-----+--------+

Top non-repeatable levels by time:
     D:7: 1261 daAuts
     D:4: 1005 daAuts
     D:5: 992 daAuts
     D:3: 906 daAuts
     D:6: 892 daAuts
     D:2: 830 daAuts
     D:1: 656 daAuts
  Temple: 39 daAuts
